AoeStats
← Tomate

Arena

509473871Analyzed
3v3 RM · 7d ago on Sep 26, 2026· 51m 17s· 6 players
Game mode
Random Map
Map size
Normal (6 player)
Population
200
Speed
Normal
Resources
Standard
Victory
Conquest
Starting age
Dark Age
Ending age
Imperial Age
RankedLock teamsTeams togetherTeam positionsShared explorationLock speedFull tech treeHidden civsTurbo modeCheats
Victory
Defeat
🇩🇪 Hindustanis · Germany
1053
+10
🇹🇷 Ethiopians · Türkiye
1043
+10
🇹🇷 Slavs · Türkiye
633
+26
🇨🇱 Turks · Chile
968
-18
🇨🇱 Spanish · Chile
967
-18
🇨🇱 Franks · Chile
746
-18
Tomate
10:39 Feudal Age
12:14 Loom
15:16 Castle Age
13:33 Double-Bit Axe
13:34 Horse Collar
17:46 Fervor
18:03 Bow Saw
19:05 Wheelbarrow
19:53 Wheelbarrow
19:10 Stone Mining
21:25 Heavy Plow
25:24 Hand Cart
25:31 Squires
26:24 Redemption
26:14 Herbal Medicine
29:37 Imperial Age
27:17 Gold Mining
27:57 Inquisition
28:56 Scale Barding Armor
29:02 Forging
28:43 Fletching
28:44 Pikeman
29:41 Halberdier
30:53 Chain Barding Armor
31:09 Iron Casting
30:37 Padded Archer Armor
31:37 Conscription
32:07 Stone Shaft Mining
31:35 Bodkin Arrow
31:43 Scale Mail Armor
33:34 Chemistry
32:52 Inquisition
32:58 Husbandry
33:13 Caravan
34:10 Ballistics
33:53 Gambesons
33:54 Arson
34:28 Bloodlines
35:38 Two-Man Saw
34:18 Elite Conquistador
40:26 Iron Casting
40:07 Chain Mail Armor
41:53 Bracer
45:12 Murder Holes
Blaster
11:53 Feudal Age
17:38 Castle Age
16:37 Double-Bit Axe
18:58 Wheelbarrow
23:34 Bow Saw
23:36 Forging
23:32 Scale Barding Armor
25:25 Gold Mining
25:26 Stone Mining
29:40 Iron Casting
29:26 Chain Barding Armor
29:23 Caravan
31:23 Gold Shaft Mining
33:52 Imperial Age
31:38 Treadmill Crane
33:41 Hand Cart
33:45 Husbandry
33:57 Cavalier
39:45 Blast Furnace
39:20 Plate Barding Armor
39:51 Chivalry
39:49 Paladin
44:32 Pikeman
nnickk0
10:23 Feudal Age
12:41 Loom
15:21 Castle Age
13:39 Double-Bit Axe
13:55 Horse Collar
18:21 Wheelbarrow
20:43 Bow Saw
22:06 Heavy Plow
22:42 Hand Cart
28:49 Imperial Age
26:52 Gold Mining
26:56 Stone Mining
28:11 Gold Shaft Mining
28:36 Town Watch
33:16 Two-Man Saw
33:04 Husbandry
33:14 Bloodlines
33:13 Scale Barding Armor
32:59 Fletching
33:09 Padded Archer Armor
32:48 Elite Janissary
35:34 Town Patrol
35:51 Bodkin Arrow
38:42 Artillery
41:53 Thumb Ring
42:12 Leather Archer Armor
41:58 Scale Mail Armor
42:18 Chain Barding Armor
41:59 Bracer
44:09 Ring Archer Armor
43:54 Chain Mail Armor
44:46 Heavy Camel Rider
45:45 Crossbowman
48:08 Plate Barding Armor
47:48 Chain Mail Armor
KanuniZkan
9:32 Feudal Age
16:25 Castle Age
15:09 Double-Bit Axe
16:12 Horse Collar
19:09 Bow Saw
20:09 Wheelbarrow
19:25 Loom
19:37 Town Watch
20:11 Heavy Plow
21:49 Scale Barding Armor
22:15 Stone Mining
23:24 Hand Cart
26:18 Bloodlines
26:10 Husbandry
30:56 Imperial Age
29:24 Grand Trunk Road
30:19 Chain Barding Armor
30:10 Forging
30:01 Scale Mail Armor
31:06 Ballistics
30:58 Masonry
30:43 Murder Holes
31:12 Heavy Camel Rider
33:12 Plate Barding Armor
32:53 Chain Mail Armor
33:14 Iron Casting
34:12 Chemistry
33:17 Gold Mining
35:03 Conscription
34:23 Imperial Camel Rider
Synthax
12:12 Feudal Age
13:02 Double-Bit Axe
13:03 Horse Collar
14:01 Gold Mining
21:30 Castle Age
20:04 Stone Mining
28:30 Gold Shaft Mining
28:10 Bow Saw
28:04 Heavy Plow
28:20 Scale Barding Armor
28:26 Forging
32:53 Detinets
35:55 Imperial Age
Kanveren
9:56 Feudal Age
10:53 Loom
14:28 Castle Age
12:51 Double-Bit Axe
13:23 Horse Collar
17:07 Bow Saw
21:10 Wheelbarrow
20:21 Town Watch
21:29 Gold Mining
21:52 Heavy Plow
22:28 Fletching
22:57 Padded Archer Armor
28:44 Imperial Age
26:31 Hand Cart
27:27 Bodkin Arrow
27:48 Leather Archer Armor
27:49 Scale Barding Armor
28:44 Forging
28:42 Thumb Ring
29:41 Ballistics
28:53 Heavy Cavalry Archer
30:47 Chemistry
30:18 Bracer
31:12 Gold Shaft Mining
31:10 Ring Archer Armor
31:10 Fortified Wall
30:40 Elite Skirmisher
31:51 Royal Heirs
32:14 Conscription
32:56 Iron Casting
32:42 Chain Barding Armor
32:33 Heavy Camel Rider
33:16 Scale Mail Armor
34:09 Husbandry
33:31 Light Cavalry
37:54 Hussar
40:12 Blast Furnace
39:54 Chain Mail Armor
51:02 Plate Mail Armor
49:59 Elite Shotel Warrior
50:40 Torsion Engines
Connection lost

Rejoining the realm…

Still unreachable

The connection could not be restored.

Session expired

The server has moved on; the page needs a fresh start.